AoeStats
← REDFIRE36

Arabia

510327175Analyzed
2v2 RM · 20h ago on Sep 30, 2026· 40m 6s· 4 players
Game mode
Random Map
Map size
Medium (4 player)
Population
200
Speed
Normal
Resources
Standard
Victory
Conquest
Starting age
Dark Age
Ending age
Imperial Age
RankedLock teamsTeams togetherTeam positionsShared explorationLock speedFull tech treeHidden civsTurbo modeCheats
Victory
Defeat
🇨🇭 Hindustanis · Switzerland
1333
+13
🇩🇪 Huns · Germany
1232
+18
🇧🇪 Varangians · Belgium
1275
-16
🇧🇪 Ethiopians · Belgium
1252
-15
Best Overtime 12
6:20 Loom
9:01 Feudal Age
9:45 Double-Bit Axe
16:20 Bloodlines
19:30 Forging
22:43 Castle Age
20:45 Horse Collar
21:17 Gold Mining
21:41 Scale Barding Armor
24:09 Iron Casting
23:55 Chain Barding Armor
23:38 Light Cavalry
24:49 Husbandry
28:16 Wheelbarrow
37:31 Hand Cart
REDFIRE36
6:00 Loom
9:29 Feudal Age
16:30 Fletching
23:03 Castle Age
23:05 Crossbowman
23:47 Bodkin Arrow
U 99
6:33 Loom
9:22 Feudal Age
14:07 Fletching
16:34 Forging
22:07 Castle Age
22:10 Bloodlines
22:54 Husbandry
30:29 Double-Bit Axe
31:20 Scale Barding Armor
33:48 Iron Casting
37:28 Chain Barding Armor
Han.
6:55 Loom
10:08 Feudal Age
10:56 Horse Collar
11:02 Double-Bit Axe
18:31 Castle Age
17:11 Fletching
17:30 Gold Mining
19:01 Padded Archer Armor
20:22 Town Watch
20:34 Bodkin Arrow
22:59 Bow Saw
23:41 Bloodlines
24:40 Wheelbarrow
25:00 Leather Archer Armor
25:43 Husbandry
26:15 Ballistics
26:06 Heavy Plow
28:53 Thumb Ring
30:27 Hand Cart
38:04 Imperial Age
39:49 Parthian Tactics
Connection lost

Rejoining the realm…

Still unreachable

The connection could not be restored.

Session expired

The server has moved on; the page needs a fresh start.